 Dungeon Crawl Stone Soup version 0.18-a0-1805-g8ab820f (webtiles) character file.

19 barb4r1an the Insei (level 2, 0/21 HPs)
             Began as a Demonspawn Transmuter on Apr 26, 2016.
             Slain by a jackal (1 damage)
             ... on level 1 of the Dungeon.
             The game lasted 00:01:28 (950 turns).

barb4r1an the Insei (Demonspawn Transmuter)          Turns: 950, Time: 00:01:29

Health: 0/21       AC:  2    Str: 10    XL:     2   Next: 55%
Magic:  5/5        EV: 12    Int: 14    God:
Gold:   54         SH:  0    Dex: 13    Spells: 2 memorised, 2 levels left

rFire  . . .     SeeInvis .     g - +0 hand axe
rCold  . . .     Gourm    .     b - +0 robe
rNeg   . . .     Faith    .     (no shield)
rPois  .         Spirit   .     (no helmet)
rElec  .         Dismiss  .     (no cloak)
rCorr  .         Reflect  .     (no gloves)
SustAt .         Harm     .     (no boots)
MR     .....                    (no amulet)
Stlth  +.........               (no ring)
                                (no ring)

@: not resistant to hostile enchantments, very unstealthy
A: talons 1
a: no special abilities


You were on level 1 of the Dungeon.
You were not hungry.

You visited 1 branch of the dungeon, and saw 1 of its levels.

You collected 54 gold pieces.

Inventory:

Hand Weapons
 g - a +0 hand axe (weapon)
Missiles
 a - 12 arrows
Armour
 b - a +0 robe (worn)
 f - a +0 leather armour
Scrolls
 e - a scroll of teleportation {unknown}
 h - a scroll of enchant armour {unknown}
 i - a scroll of fog {unknown}
 j - a scroll of enchant weapon {unknown}
Potions
 k - a potion of haste {unknown}
 l - a potion of flight {unknown}
Books
 c - a book of Changes

   Spells                             Type                      Level
   a - Beastly Appendage              Transmutation                1
   b - Sticks to Snakes               Transmutation                2
   c - Spider Form                    Transmutation/Poison         3
   d - Ice Form                       Ice/Transmutation            4
   e - Blade Hands                    Transmutation                5
Comestibles
 d - 2 bread rations


   Skills:
 + Level 1.1 Fighting
 + Level 2.1 Dodging
 + Level 3.0 Unarmed Combat
 + Level 2.1 Spellcasting
 + Level 2.0 Transmutations


You had 2 spell levels left.
You knew the following spells:

 Your Spells              Type           Power        Failure   Level  Hunger
a - Beastly Appendage     Trmt           #.....       12%         1    #......
b - Sticks to Snakes      Trmt           #.......     17%         2    ###....


Dungeon Overview and Level Annotations

Branches:
Dungeon (1/15)

Altars:


Innate Abilities, Weirdness & Mutations

You have sharp toenails.


Message History

* * * LOW HITPOINT WARNING * * *
You barely miss the jackal. You claw the jackal, but do no damage.
The jackal is almost dead.
You hit the jackal but do no damage.
The jackal is severely wounded.
The jackal misses you. The jackal bites you.
* * * LOW HITPOINT WARNING * * *
The jackal bites you but does no damage.
The jackal bites you.
* * * LOW HITPOINT WARNING * * *
You closely miss the jackal.
The jackal is almost dead.
You hit the jackal.
You kill the jackal!
The jackal bites you but does no damage.
The jackal closely misses you.
You closely miss the jackal. Your kick misses the jackal.
The jackal is almost dead.
The jackal bites you.
You die...

#........# #.# #.##....(###
#........######.#####.##....(#
#........##...#.....#.########
#.............#####.#.#
#........#....#####.#.# #######
#................รท..#.####......
##.............#######...[.......
............................#####
##.........[...h@................
#........##...##################
#........##....................#
###...#####....#########.......#
#...# #....# #........ #...#
#...... #......## #...# #...###
#........ #...# #...# #......##
#...# #(.....#.


You could see a jackal.

Vanquished Creatures
  A dart slug (D:1)
  A bat (D:1)
  3 hobgoblins (D:1)
  3 jackals (D:1)
  2 giant newts (D:1)
  A goblin (D:1)
  3 kobolds (D:1)
  3 rats (D:1)
17 creatures vanquished.

Notes
Turn   | Place    | Note
--------------------------------------------------------------
     0 | D:1      | barb4r1an the Demonspawn Transmuter began the quest for the Orb.
     0 | D:1      | Reached XP level 1. HP: 15/15 MP: 3/3
   207 | D:1      | Reached skill level 3 in Unarmed Combat
   424 | D:1      | Gained mutation: You have sharp toenails. [demonic ancestry]
   424 | D:1      | Reached XP level 2. HP: 21/21 MP: 5/5
   520 | D:1      | Learned a level 2 spell: Sticks to Snakes
   948 | D:1      | HP: 1/21 [jackal (2)]
   950 | D:1      | Slain by a jackal

Vault maps used:
D:1:      minmay_arrival_pointy

Skill      XL: |  1  2 |
---------------+-------+-----
Unarmed Combat | 3 |  3.0
Transmutations | 2 |  2.0
Dodging        | 2 |  2.1
Fighting       | |  1.1
Spellcasting   | |  2.1

Action                   || total
-------------------------++-------
Melee: Unarmed           ||    21
       Hand axe          ||    28
       Headbutt          ||     1
       Kick              ||     9
 Cast: Beastly Appendage ||     3
 Stab: Sleeping          ||     1
Armor: Robe              ||    20
Dodge: Dodged            ||    57
